 Dungeon Crawl Stone Soup version 0.26.0-45-g9c1d065592 (webtiles) character file.

Game seed: 1836679248267185760

143 kaeus the Stinger (level 5, -2/34 HPs)
             Began as an Octopode Venom Mage on Jan 30, 2021.
             Slain by a mummy (5 damage)
             ... on level 4 of the Dungeon.
             The game lasted 00:02:41 (3049 turns).

kaeus the Stinger (Octopode Venom Mage)             Turns: 3049, Time: 00:02:42

Health: -2/34      AC:  1    Str:  8    XL:     5   Next: 25%
Magic:  9/9        EV: 13    Int: 18    God:
Gold:   163        SH:  0    Dex: 12    Spells: 5/9 levels left

rFire    . . .     SeeInvis .   c - +0 short sword
rCold    . . .     Faith    .   (no shield)
rNeg     . . .     Spirit   .   (helmet restricted)
rPois    .         Reflect  .   (no amulet)
rElec    .         Harm     .   (no ring)
rCorr    .         Rampage  .   (no ring)
Will     .....                  (no ring)
Stlth    +++.......             (no ring)
HPRegen  0.11/turn              (no ring)
MPRegen  0.11/turn              (no ring)
                                (no ring)
                                (no ring)

@: no status effects
A: almost no armour, stealthy swim, amphibious, 8 rings, constrict 8, camouflage
1, gelatinous body 1
a: no special abilities


You were on level 4 of the Dungeon.
You visited 1 branch of the dungeon, and saw 4 of its levels.

You collected 163 gold pieces.

Inventory:

Hand Weapons
 c - a +0 short sword (weapon)
Scrolls
 a - 2 scrolls of amnesia
 l - 2 scrolls of identify
 m - a scroll of enchant weapon {unknown}
Potions
 f - a potion of ambrosia {unknown}
 g - a potion of resistance {unknown}
 h - a potion of might {unknown}
 i - a potion of magic {unknown}
 j - a potion of haste {unknown}
 k - a potion of curing {unknown}
 n - a potion of flight {unknown}
 o - 2 potions of lignification {unknown}
 p - a potion of berserk rage {unknown}


   Skills:
 + Level 1.9 Fighting
 - Level 2.0 Dodging
 - Level 2.6 Stealth
 + Level 2.9 Spellcasting
 + Level 0.8 Conjurations
 + Level 2.3 Transmutations
 + Level 0.9 Air Magic
 + Level 4.5 Poison Magic


You had 5 spell levels left.
You knew the following spells:

 Your Spells              Type           Power        Failure   Level
a - Sting                 Tmut/Pois      56%          4%          1
b - Mephitic Cloud        Conj/Pois/Air  10%          21%         3

Your spell library contained the following spells:

 Spells                   Type           Power        Failure   Level
 Poisonous Vapours        Pois/Air       24%          9%          2
 Ignite Poison            Fire/Tmut/Pois 10%          19%         3
 Olgreb's Toxic Radiance  Pois           18%          26%         4


Dungeon Overview and Level Annotations

Branches:
Dungeon (4/15)             Temple (0/1) D:4

Altars:
Fedhas
Xom
Beogh

Portals:
Ossuary: D:4

Annotations:
D:3 3 runed translucent doors, exclusion: oklob plant, Frizerable's ghost, amateur MiBe


Innate Abilities, Weirdness & Mutations

You cannot wear most types of armour.
You are very stealthy in the water. (Stealth+)
You are amphibious.
You can wear up to eight rings at the same time.
You can use your tentacles to constrict eight enemies at once.
Your skin changes colour to match your surroundings (Stealth+).
Your rubbery body absorbs attacks. (AC +1, EV +1)


Message History

You open the door.
A mummy comes into view.
Found a sand-covered staircase.
The mummy hits you.
There is an open door, spattered with blood here.
You take 2 damage, and have 13/34 hp.
You hit the mummy but do no damage. You grab the mummy.
You constrict the mummy. The mummy closely misses you.
You hit the mummy but do no damage. You squeeze the mummy.
The mummy is moderately damaged.
You constrict the mummy. You completely miss the mummy.
The mummy is moderately damaged.
You constrict the mummy. The mummy hits you!
* * * LOW HITPOINT WARNING * * *
You take 11 damage, and have 2/34 hp.
MASSIVE DAMAGE!!
You hit the mummy.
The mummy is heavily damaged.
You constrict the mummy. The mummy hits you.
You die...

#..,** ## #.#,,*### .#
#.#*,,..## .#
####.#**,...**
.#######..<.+,##[.,,**
.........#..###.#,,,,**
########>...##..#*,,,,**
##.#.#...###,,,,* *
#.......@M#*,,,* *
#...#...###,,,,* *
#.#.##..#*,,*,** *
#.#.###.#,,,,,* *
*#.#.+,##..*,*** *
**..#.#**,.##,* **
***,.,..#*,,##,,* ,**
*,,,,,..*,,,,,,**
,,***,*,,,*,,,,,*,**


You could see a mummy.

Vanquished Creatures
  A hound skeleton (D:4)
  3 gnolls
  4 adders
  An ooze (D:1)
  A worm (D:2)
  2 dart slugs (D:1)
  A leopard gecko (D:1)
  A ball python (D:1)
  2 giant cockroaches
  12 goblins
  2 hobgoblins
  2 jackals (D:2)
  6 kobolds
  2 quokkas (D:2)
  7 bats
  A frilled lizard (D:1)
  7 rats
55 creatures vanquished.

Notes
Turn   | Place    | Note
-------+----------+-------------------------------------------
     0 | D:1      | kaeus the Octopode Venom Mage began the quest for the Orb.
     0 | D:1      | Reached XP level 1. HP: 11/11 MP: 3/3
   454 | D:1      | Reached XP level 2. HP: 18/18 MP: 0/5
   829 | D:1      | Reached skill level 4 in Poison Magic
   849 | D:1      | Reached skill level 1 in Fighting
   953 | D:1      | Reached XP level 3. HP: 23/23 MP: 4/6
  1822 | D:2      | Reached XP level 4. HP: 28/28 MP: 2/7
  1891 | D:2      | Found a shimmering altar of Xom.
  1900 | D:2      | Learned a level 3 spell: Mephitic Cloud
  2576 | D:2      | You fall into a shaft and drop 1 floor!
  2678 | D:3      | Found a runed translucent gate.
  2678 | D:3      | Found a runed translucent gate.
  2682 | D:3      | Found a runed translucent gate.
  2683 | D:3      | Noticed Frizerable's ghost (amateur MiBe)
  2685 | D:3      | Identified the +6 short sword "Undertaker" {chaos, *Rage
                  | Str+5 SInv}
  2685 | D:3      | Identified the +6 chain mail "Gaprairr" {rF+++ rC+ Will-
                  | Str+2}
  2686 | D:3      | Found a roughly hewn altar of Beogh.
  2744 | D:3      | Found a blossoming altar of Fedhas.
  2755 | D:3      | Noticed an oklob plant
  2864 | D:3      | Reached XP level 5. HP: 23/34 MP: 1/9
  3044 | D:4      | Found a sand-covered staircase.
  3049 | D:4      | Slain by a mummy

Illustrated notes

Levels and vault maps discovered:
D:1:      wheals_arrival_linesprint, layout_basic, minmay_octomino_c4
D:2:      layout_basic, xom_teletrap_fun
D:3:      layout_basic, tgw_fedhas, biasface_ghost_orc_armoury
D:4:      minmay_clustersquares, layout_loops_ring, minmay_temple_entry_arrows,
          nicolae_ossuary_entry_giza

Skill      XL: |  1  2  3  4 |
---------------+-------------+-----
Poison Magic   | 4 |  4.5
Fighting       | 1 |  1.9
Transmutations | 2 |  2.3
Dodging        | |  2.0
Stealth        | |  2.6
Spellcasting   | |  2.9
Conjurations   | |  0.8
Air Magic      | |  0.9

Action                   |  1- 3 |  4- 6 || total
-------------------------+-------+-------++-------
Melee: Short sword       |    29 |    42 ||    71
       Constrict         |     6 |    11 ||    17
       Tentacles         |     4 |     6 ||    10
 Cast: Sting             |    39 |    36 ||    75
  Use: Scroll            |       |     4 ||     4
 Stab: Sleeping          |       |     1 ||     1
Armor: Skin              |     1 |    14 ||    15
Dodge: Dodged            |    29 |    56 ||    85
